 Dungeon Crawl Stone Soup version 0.20.1-1-g8b1a95d (webtiles) character file.

103433 vatarom the Basher (level 16, -4/243 HPs)
             Began as an Ogre Berserker on Sept 8, 2017.
             Was an Elder of Trog.
             Slain by a black mamba (10 damage)
             ... on level 1 of the Snake Pit.
             The game lasted 01:05:07 (21123 turns).

vatarom the Basher (Ogre Berserker)                Turns: 21123, Time: 01:05:08

Health: -4/243     AC: 28    Str: 32    XL:     16   Next: 36%
Magic:  4/20       EV: -2    Int: 10    God:    Trog [****..]
Gold:   1633       SH: 16    Dex: 13    Spells: 15/15 levels left

rFire    . . .     SeeInvis .   z - +10 mace of Conscience {elec, rPois rN+ Int+2}
rCold    . . .     Gourm    .   G - +3 shield of Kocvaum {MR+ rCorr}
rNeg     + + +     Faith    .   (armour currently unavailable)
rPois    +         Spirit   .   (helmet currently unavailable)
rElec    .         Reflect  .   (cloak currently unavailable)
rCorr    +         Harm     +   (gloves unavailable)
MR       +++..     NoTele   +   (boots unavailable)
Stlth    +.........             J - amulet of harm
Regen    0.5/turn               N - +2 ring of evasion
MPRegen  0.2/turn               (no ring)

@: mighty, lethally poisoned (-4 -> -9), tree-form (expiring), berserk cooldown,
slowed, constricted, very slow
A: unfitting armour, magic resistance 1, strong 1
a: Berserk, Trog's Hand, Brothers in Arms, Burn Spellbooks, Renounce Religion


You were on level 1 of the Snake Pit.
You worshipped Trog.
Trog was greatly pleased with you.
You were not hungry.
You were a tree.
You visited 4 branches of the dungeon, and saw 23 of its levels.
You also visited: Sewer and Volcano.

You collected 1633 gold pieces.

Inventory:

Hand Weapons
 a - a +1 mace
 k - a +0 giant spiked club
 l - a +0 flail
 w - a +0 giant club
 z - the +10 mace of Conscience (weapon) {elec, rPois rN+ Int+2}
   (You found it on level 5 of the Dungeon)

   Occasionally, upon striking a foe, it will discharge some electrical energy
   and cause terrible harm.
   It affects your intelligence (+2).
   It protects you from poison.
   It protects you from negative energy.
 U - a +7 great mace of venom
Missiles
 F - 23 large rocks (quivered)
 O - 5 tomahawks of returning
 P - 5 javelins of returning
Armour
 g - a scarf of cloud immunity (melded)
 p - a +0 troll leather armour (melded) {Purgy}
 B - a +2 hat (melded)
 G - the +3 shield of Kocvaum (worn) {MR+ rCorr}
   (You found it on level 8 of the Dungeon)

   It affects your resistance to hostile enchantments.
   It protects you from acid and corrosion.
Jewellery
 J - an amulet of harm (around neck)
 N - a +2 ring of evasion (left branch)
Wands
 b - a wand of acid (1/15)
 d - a wand of flame (23/48)
 h - a wand of digging (9/24)
 u - a wand of iceblast (11/15)
 y - a wand of digging (0/24)
 C - a wand of disintegration (14/24)
 E - a wand of flame (7/48)
 L - a wand of digging (8/24)
 M - a wand of enslavement (18/24)
 S - a wand of paralysis (11/24)
 T - a wand of polymorph (7/24)
 X - a wand of clouds (0/9)
Scrolls
 e - 13 scrolls of teleportation
 j - 10 scrolls of remove curse
 n - a scroll of identify
 q - 4 scrolls of magic mapping
 r - a scroll of fear
 s - 4 scrolls of enchant weapon
 v - 2 scrolls of summoning
 A - 3 scrolls of recharging
 H - 3 scrolls of enchant armour
 K - a scroll of blinking
 R - 3 scrolls of fog
 Z - a scroll of holy word
Potions
 o - 3 potions of haste
 t - 2 potions of magic
 D - 3 potions of berserk rage
 Q - 3 potions of brilliance
Books
 I - a book of Beasts

   Spells                             Type                      Level
   a - Summon Butterflies             Summoning                    1
   b - Call Canine Familiar           Summoning                    3
   c - Summon Ice Beast               Ice/Summoning                4
   d - Summon Mana Viper              Hexes/Summoning              5
   e - Summon Hydra                   Summoning                    7
   Trog disapproves of the use of such an item.
 Y - a book of Frost

   Spells                             Type                      Level
   a - Freeze                         Ice                          1
   b - Throw Frost                    Conjuration/Ice              2
   c - Ozocubu's Armour               Charms/Ice                   3
   d - Throw Icicle                   Conjuration/Ice              4
   e - Summon Ice Beast               Ice/Summoning                4
   Trog disapproves of the use of such an item.
Comestibles
 c - 6 bread rations
 f - 48 fruits
 i - 7 meat rations
 x - 2 royal jellies


   Skills:
 - Level 11.0 Fighting
 + Level 14.1 Maces & Flails
 - Level 12.1 Throwing
 - Level 7.0 Armour
 - Level 11.2 Dodging
 * Level 11.1 Shields
 - Level 6.0 Evocations


You had 15 spell levels left.
You didn't know any spells.

Dungeon Overview and Level Annotations

Branches:
Dungeon (15/15) Temple (1/1) D:4 Lair (6/6) D:9 Shoals (0/4) Lair:2 Snake (1/4) Lair:4 Slime (0/5) Lair:6 Orc (0/2) D:12 Vaults (0/5) D:13 D:14 Depths (0/5) D:15

Altars:
Ashenzari
Cheibriados
Dithmenos
Elyvilon
Fedhas
Gozag
Hepliaklqana
Kikubaaqudgha
Makhleb
Nemelex Xobeh
Okawaru
Qazlal
Ru
Sif Muna
Trog
Uskayaw
Vehumet
Xom
Yredelemnul
Zin
The Shining One
Jiyva

Shops:
D:8 *   D:15 *

Annotations:
Lair:6 1 runed door


Innate Abilities, Weirdness & Mutations

You are too large for most types of armour.
((You have tough skin. (AC +1)))
((Your flesh is cold resistant. (rC+)))
You are resistant to hostile enchantments. (MR+)
Your muscles are strong. (Str +2)


Message History

The black mamba bites you but does no damage.
The naga ritualist hits you but does no damage.
* * * LOW HITPOINT WARNING * * *
The naga ritualist constricts you.
You hit the naga ritualist.
The naga ritualist is almost dead.
You feel sick.
The black mamba bites you but does no damage.
The naga ritualist spits poison at you. The splash of poison hits you!
You are more poisoned.
You resist. The naga ritualist constricts you. The black mamba bites you!
* * * LOW HITPOINT WARNING * * *
Unknown command.
You feel very mighty all of a sudden.
* * * LOW HITPOINT WARNING * * *
You feel sick.
* * * LOW HITPOINT WARNING * * *
The black mamba bites you!
You die...

############
...#...#...##
............##
.....)....>..##
##########....##
##....## ##...S##
###...♣## ########
##.#...N†##
.......###.#.##....##
........##..####.#..##
..........### ##....##
######....## ##....##
##....## ##....##
##....## ##..#.##
##....## ##....#


You could see a naga ritualist and a black mamba.

Vanquished Creatures
  The ghost of equalderp2856 the Peltast, an adept MiFi (D:15)
  A red draconian (Volcano)
  5 naga warriors (Snake:1)
  A rakshasa (D:14)
  A catoblepas (Lair:5)
  3 anacondas (Snake:1)
  3 hydras
  5 centaur warriors
  8 two-headed ogres
  3 naga sharpshooters (Snake:1)
  3 death yaks (Lair:4)
  A shock serpent (Snake:1)
  A salamander mystic (Snake:1)
  3 unseen horrors
  Pikel (D:5)
  2 naga ritualists (Snake:1)
  4 mana vipers (Snake:1)
  8 ugly things
  An orc knight (D:14)
  5 cyclopes
  2 deep elf magi
  A salamander (Snake:1)
  An oklob plant (D:11)
  A manticore (D:11)
  4 centaur zombies
  17 black mambas
  A faun (Lair:2)
  A naga mage (Snake:1)
  A guardian serpent (Snake:1)
  4 centaur skeletons
  2 rime drakes (Lair:4)
  26 spiny frogs
  10 komodo dragons
  2 yaktaurs
  A freezing wraith (D:15)
  A kobold demonologist (D:8)
  8 trolls
  3 meliai (D:13)
  A merfolk (D:12)
  A polar bear (shapeshifter) (D:15)
  2 polar bears
  3 hornets
  Grinder (D:3)
  4 tyrant leeches (Lair:6)
  35 blink frogs
  9 hippogriffs
  A meliai zombie (D:12)
  9 slime creatures
  Prince Ribbit (D:5)
  Sigmund (D:5)
  A dream sheep (Lair:6)
  2 shadows (D:12)
  2 wyverns
  2 wraiths
  A vampire (D:13)
  The ghost of potatolord6000 the Chopper, an amateur HOMo (D:3)
  50 yaks
  4 basilisks
  17 humans
  13 vampire mosquitoes
  2 hungry ghosts
  Menkaure (D:5)
  7 nagas (Snake:1)
  A hell hound (D:9)
  8 porcupines
  16 water moccasins
  A slave (D:5)
  3 black bears
  3 ice beasts
  A hornet zombie (D:11)
  10 orc warriors
  Purgy (Sewer)
  4 sky beasts
  An eye of draining (shapeshifter) (D:15)
  5 phantoms
  A necrophage (D:11)
  9 ogres
  6 wolves
  19 centaurs
  10 crocodiles
  15 big kobolds
  27 bullfrogs
  3 gnoll sergeants (D:12)
  7 scorpions
  A wyvern skeleton (D:14)
  9 killer bees
  An oklob sapling (D:11)
  8 wights
  An electric eel (Lair:6)
  10 howler monkeys
  5 crimson imps
  2 bullfrog skeletons
  A gnoll shaman (D:7)
  9 hounds
  11 orc priests
  Crazy Yiuf (D:5)
  4 jellies
  12 iguanas
  Jessica (D:3)
  9 orc wizards
  10 worker ants
  A hound skeleton (D:4)
  2 worker ant zombies
  18 gnolls
  A howler monkey skeleton (D:6)
  20 adders
  5 shadow imps
  An adder skeleton (D:6)
  4 worms
  A dart slug (D:2)
  7 leopard geckos
  43 orcs
  11 bats
  5 giant cockroaches
  8 goblins
  13 hobgoblins
  8 jackals
  7 quokkas
  12 ball pythons
  6 frilled lizards
  A jackal skeleton (D:6)
  19 kobolds
  9 rats
  A fungus (Lair:6)
766 creatures vanquished.

Vanquished Creatures (collateral kills)
  A hydra (Lair:3)
  2 ugly things (D:15)
  A black mamba (Snake:1)
  2 spiny frogs (Lair:6)
  4 dream sheep (Lair:6)
  4 slime creatures (D:13)
  A hell hound (D:9)
  A water moccasin (Lair:6)
  A crocodile (Lair:6)
  A gnoll sergeant (D:12)
  4 wights (D:9)
  An orc wizard (D:9)
  A gnoll (D:12)
24 creatures vanquished.

Vanquished Creatures (others)
  2 slaves (D:5)
  A centaur (D:5)
  A hound zombie (D:5)
  A gnoll (D:5)
  A giant cockroach (D:5)
  2 fungi
  44 plants
  4 toadstools (D:1)
56 creatures vanquished.

Grand Total: 846 creatures vanquished

Notes
Turn   | Place    | Note
-------+----------+-------------------------------------------
     0 | D:1      | vatarom the Ogre Berserker began the quest for the Orb.
     0 | D:1      | Reached XP level 1. HP: 24/24 MP: 1/1
    41 | D:1      | Reached skill level 3 in Maces & Flails
   121 | D:1      | Reached XP level 2. HP: 32/32 MP: 2/2
   439 | D:1      | Reached XP level 3. HP: 34/39 MP: 3/3
  1129 | D:2      | Reached ** piety under Trog
  1375 | D:2      | Reached XP level 4. HP: 46/48 MP: 4/4
  1692 | D:3      | Noticed potatolord6000's ghost (amateur HOMo)
  1692 | D:3      | Found a glowing drain.
  1713 | D:3      | Killed potatolord6000's ghost
  1713 | D:3      | Reached skill level 5 in Dodging
  1713 | D:3      | Reached XP level 5. HP: 46/54 MP: 5/5
  1713 | D:3      | Reached XP level 6. HP: 53/62 MP: 6/6
  1757 | D:3      | Noticed Jessica
  1777 | D:3      | Killed Jessica
  1840 | Sewer    | Entered a sewer
  1871 | Sewer    | Noticed Purgy
  1878 | Sewer    | Killed Purgy
  2126 | D:3      | Reached *** piety under Trog
  2169 | D:3      | Noticed Grinder
  2182 | D:3      | Killed Grinder
  2182 | D:3      | Reached XP level 7. HP: 47/70 MP: 7/7
  2711 | D:4      | Reached skill level 4 in Maces & Flails
  2789 | D:4      | Found a staircase to the Ecumenical Temple.
  2798 | Temple   | Entered the Ecumenical Temple
  2930 | D:4      | Reached XP level 8. HP: 78/78 MP: 8/8
  3106 | D:5      | Entered Level 5 of the Dungeon
  3129 | D:5      | Found a stormy altar of Qazlal.
  3131 | D:5      | Noticed a water elemental
  3131 | D:5      | Noticed an air elemental
  3191 | D:5      | Noticed Pikel
  3193 | D:5      | Noticed Sigmund
  3208 | D:5      | Killed Pikel
  3208 | D:5      | Reached skill level 6 in Maces & Flails
  3258 | D:5      | Gained mutation: Your flesh is cold resistant. (rC+) [potion of mutation]
  3258 | D:5      | Gained mutation: Your spells are a little harder to cast, but a little more powerful. [potion of mutation]
  3335 | D:5      | Killed Sigmund
  3335 | D:5      | Reached skill level 7 in Maces & Flails
  3420 | D:5      | Got a transparent hand axe
  3421 | D:5      | Identified the +8 hand axe of the Sun {holy, +Rage rElec rF+} (You found it on level 5 of the Dungeon)
  3473 | D:5      | Reached XP level 9. HP: 76/84 MP: 9/9
  3504 | D:5      | Noticed Menkaure
  3510 | D:5      | Killed Menkaure
  3510 | D:5      | Reached skill level 8 in Maces & Flails
  3601 | D:5      | Found a runed door.
  3750 | D:5      | Noticed Prince Ribbit
  3772 | D:5      | Killed Prince Ribbit
  3787 | D:5      | Found a burning altar of Makhleb.
  3834 | D:5      | Found a shattered altar of Ashenzari.
  4086 | D:5      | Noticed Crazy Yiuf
  4091 | D:5      | Killed Crazy Yiuf
  4128 | D:5      | Got a warped mace
  4129 | D:5      | Identified the +10 mace of Conscience {elec, rPois rN+ Int+2} (You found it on level 5 of the Dungeon)
  4191 | D:6      | Reached **** piety under Trog
  4199 | D:6      | Reached skill level 9 in Maces & Flails
  4287 | D:6      | Reached skill level 5 in Fighting
  4718 | D:6      | Reached XP level 10. HP: 107/107 MP: 10/10
  4819 | D:7      | Reached skill level 10 in Fighting
  4828 | D:7      | Reached ***** piety under Trog
  5256 | D:7      | Lost mutation: Your spells are a little harder to cast, but a little more powerful. [potion of mutation]
  5256 | D:7      | Gained mutation: You are resistant to hostile enchantments. (MR+) [potion of mutation]
  5256 | D:7      | Gained mutation: Your muscles are strong. (Str +2) [potion of mutation]
  5493 | D:8      | Received a gift from Trog
  5502 | D:8      | Noticed a kobold demonologist
  5507 | D:8      | Noticed a rust devil
  5508 | D:8      | Killed a kobold demonologist
  5508 | D:8      | Reached skill level 10 in Maces & Flails
  5680 | D:8      | Got a translucent shield
  5681 | D:8      | Identified the +3 shield of Kocvaum {MR+ rCorr} (You found it on level 8 of the Dungeon)
  5726 | D:8      | Found an iron altar of Okawaru.
  5787 | D:8      | Found a radiant altar of Vehumet.
  5809 | D:8      | Found Timuucr Ylokh's Assorted Antiques.
  5898 | D:8      | Reached skill level 1 in Shields
  5900 | D:8      | Received a gift from Trog
  5925 | D:8      | Reached XP level 11. HP: 116/120 MP: 11/11
  6171 | D:8      | Noticed a two-headed ogre
  6179 | D:8      | Killed a two-headed ogre
  6656 | D:9      | Found a staircase to the Lair.
  6989 | D:9      | Found an ancient bone altar of Kikubaaqudgha.
  6991 | D:9      | Found a shadowy altar of Dithmenos.
  6993 | D:9      | Found a glowing golden altar of the Shining One.
  6993 | D:9      | Found an opulent altar of Gozag.
  6994 | D:9      | Found a glowing silver altar of Zin.
  6996 | D:9      | Found a hazy altar of Hepliaklqana.
  6997 | D:9      | Found a sacrificial altar of Ru.
  7130 | D:9      | Reached skill level 5 in Shields
  7491 | D:10     | Entered Level 10 of the Dungeon
  7513 | D:10     | Reached skill level 11 in Maces & Flails
  7889 | D:10     | Noticed a cyclops
  7897 | D:10     | Killed a cyclops
  8122 | D:10     | Reached skill level 1 in Throwing
  8309 | D:11     | Noticed a cyclops
  8315 | D:11     | Killed a cyclops
  8447 | D:11     | Received a gift from Trog
  8496 | D:11     | Noticed an oklob plant
  8616 | D:11     | Paralysed by a hornet for 3 turns
  8648 | D:11     | Noticed a two-headed ogre
  8660 | D:11     | Killed a two-headed ogre
  8660 | D:11     | Reached skill level 5 in Throwing
  8660 | D:11     | Reached XP level 12. HP: 71/130 MP: 12/12
  9207 | D:11     | Noticed a two-headed ogre
  9217 | D:11     | Killed a two-headed ogre
  9509 | D:12     | Found a staircase to the Orcish Mines.
  9768 | D:12     | Received a gift from Trog
  9988 | D:12     | Noticed a two-headed ogre
  9994 | D:12     | Killed a two-headed ogre
 10109 | D:12     | Noticed a two-headed ogre
 10114 | D:12     | Killed a two-headed ogre
 10380 | D:12     | Reached XP level 13. HP: 137/137 MP: 13/13
 10488 | D:13     | Reached skill level 10 in Throwing
 11043 | D:13     | Received a gift from Trog
 11424 | D:13     | Reached skill level 5 in Armour
 11492 | D:14     | Found a gate to the Vaults.
 11614 | Lair:1   | Entered Level 1 of the Lair of Beasts
 12148 | Lair:1   | Got an ancient dagger
 12149 | Lair:1   | Identified the cursed +1 dagger of Stickiness {pierce, +Inv Int+3 Dex-4} (You found it on level 1 of the Lair of Beasts)
 12401 | Lair:2   | Found a dark tunnel.
 12446 | Volcano  | Entered a volcano
 12472 | Volcano  | Found a bloodstained altar of Trog.
 12477 | Volcano  | Noticed a red draconian
 12493 | Volcano  | Killed a red draconian
 12773 | Lair:2   | Found a staircase to the Shoals.
 12960 | Lair:2   | Reached skill level 10 in Shields
 13724 | Lair:3   | Reached XP level 14. HP: 130/146 MP: 14/14
 14291 | Lair:4   | Found a staircase to the Snake Pit.
 15030 | Lair:5   | Received a gift from Trog
 15484 | Lair:5   | Reached skill level 12 in Maces & Flails
 15484 | Lair:5   | Reached skill level 10 in Dodging
 15833 | Lair:6   | Entered Level 6 of the Lair of Beasts
 15933 | Lair:6   | Found a runed door.
 15933 | Lair:6   | Found a viscous altar of Jiyva.
 16134 | Lair:6   | Reached skill level 1 in Evocations
 16490 | Lair:6   | Received a gift from Trog
 16687 | Lair:6   | Reached XP level 15. HP: 153/153 MP: 17/17
 16803 | Lair:6   | Received a gift from Trog
 17184 | Lair:6   | Found a staircase to the Slime Pits.
 17573 | D:14     | Reached skill level 5 in Evocations
 17926 | D:14     | Received a gift from Trog
 18531 | D:15     | Entered Level 15 of the Dungeon
 18696 | D:15     | HP: 1/153 [white ugly thing (20)]
 19113 | D:15     | Found Yzefopn's Blood Bar.
 19125 | D:15     | Reached skill level 13 in Maces & Flails
 19217 | D:15     | Noticed equalderp2856's ghost (adept MiFi)
 19235 | D:15     | Killed equalderp2856's ghost
 20077 | Snake:1  | Entered Level 1 of the Snake Pit
 20263 | Snake:1  | Reached XP level 16. HP: 151/162 MP: 20/20
 20539 | Snake:1  | Received a gift from Trog
 20557 | Snake:1  | Got an iridescent eveningstar {god gift}
 20558 | Snake:1  | Identified the +6 eveningstar of the Thing {drain, +Inv rElec Str+6} (Trog gifted it to you on level 1 of the Snake Pit)
 20746 | Snake:1  | HP: 8/162 [anaconda (3)]
 20749 | Snake:1  | HP: 1/162 [anaconda (18)]
 21009 | Snake:1  | Reached skill level 14 in Maces & Flails
 21122 | Snake:1  | HP: 8/243 [black mamba (12)]
 21123 | Snake:1  | Slain by a black mamba

Skill      XL: |  1  2  3  4  5  6  7  8  9 10 11 12 13 14 15 16 |
---------------+-------------------------------------------------+-----
Maces & Flails | 3 4 7 9 10 11 12 13 14 | 14.1
Dodging        | 3 5 6 7 10 11 | 11.2
Armour         | 2 4 7 |  7.0
Fighting       | 9 11 | 11.0
Shields        | 1 6 8 10 11 | 11.1
Throwing       | 5 9 10 12 | 12.1
Evocations     | 3 6 |  6.0

Action                   |  1- 3 |  4- 6 |  7- 9 | 10-12 | 13-15 | 16-18 || total
-------------------------+-------+-------+-------+-------+-------+-------++-------
Melee: Mace              |   109 |       |    57 |   661 |  1098 |   145 ||  2070
       Flail             |     7 |   117 |   137 |       |       |       ||   261
       Unarmed           |       |     8 |       |       |       |       ||     8
       Hand axe          |       |       |    46 |       |       |       ||    46
       Giant club        |       |       |    13 |       |       |       ||    13
       Giant spiked club |       |       |       |     7 |    33 |       ||    40
       Great mace        |       |       |       |       |    74 |       ||    74
Throw: Large rock        |       |       |       |    14 |    39 |     3 ||    56
Invok: Berserk           |       |     4 |     6 |    11 |    17 |     4 ||    42
       Trog's Hand       |       |     1 |       |     4 |     5 |     4 ||    14
       Burn Spellbooks   |       |       |     1 |       |       |       ||     1
       Brothers in Arms  |       |       |       |     4 |     9 |     1 ||    14
Evoke: Wand              |       |       |     2 |     1 |     9 |       ||    12
  Use: Scroll            |     7 |     2 |     8 |     2 |    19 |     6 ||    44
       Potion            |     1 |     2 |     5 |     5 |    18 |     6 ||    37
 Stab: Sleeping          |     1 |     1 |       |     1 |       |       ||     3
       Distracted        |       |       |       |     1 |       |       ||     1
  Eat: Chunk             |     2 |     6 |    14 |    33 |    26 |       ||    81
       Fruit             |       |       |       |     1 |       |       ||     1
       Royal jelly       |       |       |       |     1 |       |       ||     1
       Bread ration      |       |       |       |       |     7 |     1 ||     8
Armor: Animal skin       |    42 |    26 |       |       |       |       ||    68
       Troll leather arm |       |    12 |    66 |   163 |   162 |    15 ||   418
       Skin              |       |       |       |       |    29 |    21 ||    50
Dodge: Dodged            |    71 |    90 |   146 |   319 |   568 |    66 ||  1260
Block: Shield            |       |       |       |   339 |   759 |   128 ||  1226
